 Dungeon Crawl Stone Soup version 0.31-a0-667-g39726597b9 (webtiles) character file.

Game seed: 4579577018655225913

4 Ordine the Conjurer (level 1, -1/12 HPs)
             Began as a Tengu Reaver on Sept 4, 2023.
             Slain by a hobgoblin (3 damage)
             ... on level 1 of the Dungeon.
             The game lasted 00:01:52 (80 turns).

Ordine the Conjurer (Tengu Reaver)                    Turns: 80, Time: 00:01:53

Health: -1/12      AC:  3    Str: 12    XL:     1   Next: 70%
Magic:  4/4        EV: 11    Int: 13    God:
Gold:   31         SH:  0    Dex: 12    Spells: 3/4 levels left

rFire   . . .        a - +0 falchion
rCold   . . .        (no shield)
rNeg    . . .        b - +0 leather armour
rPois   .            (helmet restricted)
rElec   .            (no cloak)
rCorr   .            (no gloves)
SInv    .            (boots unavailable)
Will    .....        (no amulet)
Stlth   +            (no ring)
HPRegen 0.22/turn    (no ring)
MPRegen 0.09/turn

%: acrobat
@: no status effects
A: beak, talons 3, acrobatic
a: no special abilities


You were on level 1 of the Dungeon.
You visited 1 branch of the dungeon, and saw 1 of its levels.

You collected 31 gold pieces.

Inventory:

Hand Weapons
 a - a +0 falchion (weapon)
Armour
 b - a +0 leather armour (worn)
Scrolls
 c - a scroll of enchant armour {unknown}


   Skills:
 - Level 2.0 Fighting
 * Level 3.4 Long Blades
 - Level 2.1 Dodging
 + Level 2.0 Spellcasting
 + Level 4.1 Conjurations
 + Level 0.3 Necromancy


You had 3 spell levels left.
You knew the following spells:

 Your Spells              Type           Power      Damage    Failure   Level
a - Kiss of Death         Conj/Necr      28%        2d7       13%         1

Your spell library contained the following spells:

 Spells                   Type           Power      Damage    Failure   Level
 Momentum Strike          Conj/Tloc      12%        3d8       22%         2
 Hailstorm                Conj/Ice       6%         3d4       38%         3


Dungeon Overview and Level Annotations

Branches:
Dungeon (1/15)

Altars:


Innate Abilities, Weirdness & Mutations

You have a beak for a mouth.
You have claws for feet.
You can magically evade attacks while moving or waiting.


Message History

You kill the frilled lizard!
HP restored.
You now have 22 gold pieces (gained 12).
c - a scroll labelled RIONKE GOSUBE You see here a +0 leather armour.
You now have 31 gold pieces (gained 9).
A hobgoblin comes into view.
Found a fuming clear potion.
A ball python comes into view.
The hobgoblin shouts!
The ball python hisses angrily.
A kobold comes into view. It is wielding a +0 dagger.
You barely miss the hobgoblin.
The kobold shouts!
The hobgoblin hits you. The ball python closely misses you.
The ball python grabs you. The ball python constricts you.
You hit the ball python but do no damage.
You peck the ball python, but do no damage.
The hobgoblin hits you but does no damage.
The ball python bites you. The ball python constricts you.
You closely miss the ball python. You punch the ball python.
The ball python is moderately wounded.
The hobgoblin closely misses you.
The ball python bites you but does no damage.
The ball python constricts you. The hobgoblin hits you.
You hit the ball python.
You kill the ball python!
The kobold closely misses you. The hobgoblin hits you.
You are too injured to fight recklessly!
You barely miss the hobgoblin. Your kick misses the hobgoblin.
You peck the hobgoblin.
The hobgoblin is lightly wounded.
The kobold closely misses you. The hobgoblin hits you.
* * * LOW HITPOINT WARNING * * *
You hit the hobgoblin.
The hobgoblin is severely wounded.
The kobold hits you with a +0 dagger.
* * * LOW HITPOINT WARNING * * *
The hobgoblin hits you.
You die...

#.............†.##
######[..###.##..#
##..†###+###.#
#....[.......##
#...........).#######
#....................
#...........#..######
#...........##.#
#...@....... #..
#..Kg....... ##..
#........... ..#
#........... ..#
#....!...... ..#
#........... #+#
#...........
########....


You could see a hobgoblin and a kobold.

Vanquished Creatures
  A dart slug (D:1)
  A ball python (D:1)
  A frilled lizard (D:1)
3 creatures vanquished.

Notes
Turn   | Place    | Note
-------+----------+-------------------------------------------
     0 | D:1      | Ordine the Tengu Reaver began the quest for the Orb.
     0 | D:1      | Reached XP level 1. HP: 12/12 MP: 4/4
    80 | D:1      | Slain by a hobgoblin

Illustrated notes

Levels and vault maps discovered:
D:1:      dpeg_arrival_rooms_with_view, layout_basic

Action                     || total
---------------------------++-------
  Melee: Falchion          ||    13
         Kick              ||     3
         Peck              ||     3
         Punch             ||     1
 Armour: Leather armour    ||    12
  Dodge: Dodged            ||     6

Table legend: (Time is in decaauts)
 A = Elapsed time spent in this place.
 B = Non-inter-level travel time spent in this place.
 C = Inter-level travel time spent in this place.
 D = Time resting spent in this place.
 E = Time spent auto-exploring this place.
 F = Levels seen in this place.
 G = Mean time per level.
                   A        B        C        D        E       F      G
               +--------+--------+--------+--------+--------+-----+--------+
         Total |     81 |     81 |      0 |      0 |     50 |   1 |   81.0 |
       Dungeon |     81 |     81 |      0 |      0 |     50 |   1 |   81.0 |
               +--------+--------+--------+--------+--------+-----+--------+

Top non-repeatable levels by time:
     D:1: 81 daAuts
